 Dungeon Crawl Stone Soup version 0.26-a0-291-g3d11bbfad5 (webtiles) character file.

Game seed: 2656459803664374947

(classic levelgen) 326 EnegeticOcto the Magician (level 6, 37/44 HPs)
             Began as a Mummy Wanderer on July 8, 2020.
             Was a Follower of Sif Muna.
             Quit the game on level 4 of the Dungeon on July 14, 2020.
             The game lasted 00:09:26 (4295 turns).

EnegeticOcto the Magician (Mummy Wanderer)          Turns: 4295, Time: 00:09:26

Health: 37/44      AC:  3    Str: 17    XL:     6   Next: 24%
Magic:  13/13      EV: 11    Int: 13    God:    Sif Muna [*.....]
Gold:   128        SH:  0    Dex: 10    Spells: 6/15 levels left

rFire    x . .     SeeInvis .   r - +0 war axe (flame)
rCold    + . .     Faith    .   (no shield)
rNeg     + + +     Spirit   .   d - +0 robe
rPois    ∞         Reflect  .   (no helmet)
rElec    .         Harm     .   (no cloak)
rCorr    .                      j - +0 pair of gloves
MR       .....                  (no boots)
Stlth    +.........             e - amulet of regeneration
HPRegen  0.54/turn              (no ring)
MPRegen  0.13/turn              (no ring)

@: no status effects
A: no potions, fire vulnerability, cold resistance 1, negative energy resistance
3, torment resistance, unbreathing
a: Channel Magic, Renounce Religion


You were on level 4 of the Dungeon.
You worshipped Sif Muna.
Sif Muna was aware of your devotion.
You visited 1 branch of the dungeon, and saw 4 of its levels.

You collected 128 gold pieces.

Inventory:

Hand Weapons
 a - a +0 club
 h - a +0 dagger
 i - a +0 spear
 p - a +4 whip
 r - a +0 war axe of flaming (weapon)
Missiles
 c - 47 bolts
Armour
 d - a +0 robe (worn)
 j - a +0 pair of gloves (worn)
 m - a +0 kite shield
Jewellery
 e - an amulet of regeneration (around neck)
Scrolls
 b - a scroll of fear {unknown}
 f - 2 scrolls of remove curse {@r2}
 g - a scroll of fog {unknown}
 k - a scroll of identify {unknown}
 l - a scroll of blinking {unknown}
 n - a scroll of immolation {unknown}
 o - a scroll of enchant weapon {unknown}
 q - a scroll of amnesia {unknown}


   Skills:
 - Level 2.0 Fighting
 - Level 1.0 Throwing
 - Level 1.0 Armour
 - Level 1.0 Shields
 - Level 5.0 Spellcasting
   Level 1.0 Charms
 + Level 2.4 Summonings
 - Level 2.0 Transmutations
 - Level 3.0 Poison Magic


You had 6 spell levels left.
You knew the following spells:

 Your Spells              Type           Power        Failure   Level
a - Sting                 Tmut/Pois      #...         7%          1
b - Apportation           Tloc           #.....       19%         1
c - Call Imp              Summ           #.......     11%         2
d - Mephitic Cloud        Conj/Pois/Air  #.......     36%         3
Y - Blink                 Tloc           N/A          28%         2

Your spell library contained the following spells:

 Spells                   Type           Power        Failure   Level
 Magic Dart               Conj           #...         19%         1
 Slow                     Hex            #.......     28%         2
 Ignite Poison            Fire/Tmut/Pois #.......     28%         3
 Confusing Touch          Hex            #.......     50%         3
 Conjure Flame            Conj/Fire      #.......     50%         3
 Gell's Gravitas          Tloc           #.........   50%         3
 Portal Projectile        Hex/Tloc       #.....       50%         3
 Petrify                  Tmut/Erth      #.......     77%         4
 Yara's Violent Unravell  Hex/Tmut       #.........   98%         5
 Metabolic Englaciation   Hex/Ice        #.........   99%         5


Dungeon Overview and Level Annotations

Branches:
Dungeon (4/15)
 Temple: D:4-7

Altars:
Sif Muna
Xom


Innate Abilities, Weirdness & Mutations

You do not drink.
Your flesh is vulnerable to fire.
You are immune to poison.
Your flesh is cold resistant. (rC+)
You are immune to negative energy. (rN+++)
You are immune to unholy pain and torment.
You can survive without breathing.


Message History

Your Transmutations skill increases to level 2!
You have reached level 6!
Your experience leads to an increase in your attributes!
Increase (s)trength, (i)ntelligence, or (d)exterity?
You feel clever.
Found 7 javelins.
Found 15 stones.
f - 3 scrolls labeled ZIEFFO GOMEHY (gained 1)
You see here a +0 spear.
You see here a ration.
You see here a +0 mace.
Found a stone staircase leading down.
There is an open door here.
There is an open door here.
There is an open door here.
q - a twisted ruby amulet You see here a +0 flail.
A bat comes into view.
You miss the bat. The bat hits you but does no damage.
The bat closely misses you. The bat hits you but does no damage.
You closely miss the bat. The bat hits you.
You miss the bat. The bat hits you but does no damage.
You whack the bat!
You kill the bat!
Sif Muna accepts your kill.
No target in view!
No target in view!
No target in view!
You start putting on your amulet.
You continue putting on your twisted ruby amulet. x5
You finish putting on your uncursed amulet of regeneration.
The amulet throbs as it attunes itself to your uninjured body.
q - an amulet of regeneration (around neck)
e - an amulet of regeneration (around neck)
q - a scroll labeled INWAIX RUIH Done exploring.
Done exploring.
Okay, then.
As you read the scroll labeled ZIEFFO GOMEHY, it crumbles to dust.
You feel blessed for a moment.
It was a scroll of remove curse.
Okay, then.
(D) Dungeon
Where to? (Enter - D:3, ? - help)
You see here a +0 short sword.
There is an open door here.
You see here a +0 whip.
There is an open door here.
There is a stone staircase leading down here.
You climb downwards.
A howler monkey comes into view.
The howler monkey howls!
Found 6 boomerangs and a runed war axe.
Found a stone staircase leading down.
There is a stone staircase leading up here.
Casting: Sting (safe; 7% risk of failure)
Confirm with . or Enter, or press ? or * to list all spells.
Aiming: Sting (safe; 7% risk of failure)
Press: ? - help, Shift-Dir - straight line, f - howler monkey
Aim: a howler monkey The sting misses the howler monkey.
Casting: Sting (safe; 7% risk of failure)
Confirm with . or Enter, or press ? or * to list all spells.
Aiming: Sting (safe; 7% risk of failure)
Press: ? - help, Shift-Dir - straight line, f/p - howler monkey
Aim: a howler monkey The sting hits the howler monkey but does no damage.
The howler monkey is poisoned.
The howler monkey hits you.
You closely miss the howler monkey. The howler monkey barely misses you.
You closely miss the howler monkey.
The howler monkey is lightly wounded.
The howler monkey hoots and howls with incredible vigour!
The howler monkey hits you.
You hit the howler monkey.
The howler monkey is moderately wounded.
The howler monkey looks more healthy.
The howler monkey hits you.
You hit the howler monkey.
The howler monkey is severely wounded.
The howler monkey barely misses you.
You hit the howler monkey.
The howler monkey is almost dead.
The howler monkey hoots and howls with incredible vigour!
The howler monkey hits you.
You whack the howler monkey!
You kill the howler monkey!
Sif Muna accepts your kill.
No target in view!
No target in view!
No target in view!
No target in view!
No target in view!
You see here a runed war axe.
r - a runed war axe Your +0 war axe of flaming bursts into flame!
r - a +0 war axe of flaming (weapon)
Okay, then.
Saving game... please wait.
Welcome back, EnegeticOcto the Mummy Wanderer.
Sif Muna whispers: I know many secrets...
Press ? for a list of commands and other information.
Are you sure you want to abandon this character and quit the game? (Confirm with "yes".)

# . .#
#####.#
#.....#
##.....#
#.@....#
##......#
#.......#
##.......#
#........#
##........#
#...†.....#
##<.(.....#
#.>......#


There were no monsters in sight!

Vanquished Creatures
  A howler monkey (D:4)
  A centaur zombie (D:3)
  Natasha (thrice) (D:3)
  7 gnolls (D:3)
  2 adders
  A worm (D:2)
  A dart slug (D:2)
  3 leopard geckos
  An orc (D:3)
  8 giant cockroaches
  8 goblins
  10 hobgoblins
  9 jackals
  A quokka (D:3)
  8 bats
  5 frilled lizards (D:1)
  9 kobolds
  A leopard gecko skeleton (D:3)
  14 rats
93 creatures vanquished.

Notes
Turn   | Place    | Note
-------+----------+-------------------------------------------
     0 | D:1      | EnegeticOcto the Mummy Wanderer began the quest for the
                  | Orb.
     0 | D:1      | EnegeticOcto set off with the following items: a +0 club, a
                  | +0 robe; and the following spells available to memorise:
                  | Sting, Apportation, Magic Dart, Blink, Call Imp, Slow,
                  | Ignite Poison, Mephitic Cloud, Conjure Flame, Portal
                  | Projectile
     0 | D:1      | Reached XP level 1. HP: 16/16 MP: 4/4
     2 | D:1      | Learned a level 1 spell: Sting
     4 | D:1      | Learned a level 1 spell: Apportation
    65 | D:1      | Reached skill level 3 in Spellcasting
   197 | D:1      | Reached XP level 2. HP: 15/22 MP: 1/6
   257 | D:1      | Reached skill level 4 in Spellcasting
   852 | D:1      | Reached XP level 3. HP: 27/27 MP: 6/8
  1157 | D:2      | Learned a level 2 spell: Call Imp
  1160 | D:2      | Learned a level 2 spell: Blink
  1164 | D:2      | Learned a level 3 spell: Mephitic Cloud
  1425 | D:2      | Reached skill level 5 in Spellcasting
  1468 | D:2      | Found a shimmering blue altar of Sif Muna.
  1471 | D:2      | Became a worshipper of Sif Muna the Loreminder
  1906 | D:2      | Reached skill level 2 in Poison Magic
  1906 | D:2      | Reached XP level 4. HP: 27/33 MP: 7/11
  2209 | D:3      | Found a shimmering altar of Xom.
  2209 | D:3      | Found a shimmering altar of Xom.
  2209 | D:3      | Found a shimmering altar of Xom.
  2210 | D:3      | Found a shimmering altar of Xom.
  2528 | D:3      | Noticed Natasha
  2539 | D:3      | Killed Natasha
  2539 | D:3      | Reached skill level 3 in Poison Magic
  2811 | D:3      | Reached XP level 5. HP: 24/38 MP: 9/12
  2908 | D:3      | Noticed Natasha
  2996 | D:3      | Killed Natasha
  2996 | D:3      | Reached skill level 1 in Summonings
  2996 | D:3      | Reached skill level 1 in Transmutations
  3139 | D:3      | Noticed Natasha
  3148 | D:3      | Killed Natasha
  3213 | D:3      | Reached * piety under Sif Muna
  3711 | D:3      | Reached skill level 2 in Summonings
  3711 | D:3      | Reached skill level 2 in Transmutations
  3711 | D:3      | Reached XP level 6. HP: 8/44 MP: 13/13
  4295 | D:4      | Upgraded the game from 0.26-a0-244-g083ca260ac to
                  | 0.26-a0-291-g3d11bbfad5
  4295 | D:4      | Quit the game

Illustrated notes

Levels and vault maps discovered:
D:1:      dpeg_arrival_central, layout_loops_ring, hex_tiny, minmay_box_of_dots
D:2:      layout_rooms, lemuel_blue_sif_altar, kennysheep_generic_room_3
D:3:      layout_basic, xom_redecorated, dk_noncrumbling_3, uniq_natasha
D:4:      layout_cave_pods, nicolae_overflow_hidden_temple,
          gammafunk_ghost_necromancy

Skill      XL: |  1  2  3  4  5 |
---------------+----------------+-----
Spellcasting   | 3 4 5 |  5.0
Poison Magic   | 2 3 |  3.0
Summonings     | 2 |  2.4
Transmutations | 2 |  2.0
Fighting       | |  2.0
Throwing       | |  1.0
Armour         | |  1.0
Shields        | |  1.0
Charms         | |  1.0

Action                   |  1- 3 |  4- 6 || total
-------------------------+-------+-------++-------
Melee: Club              |    30 |       ||    30
       Spear             |    32 |    62 ||    94
       Dagger            |     1 |       ||     1
       Whip              |       |    25 ||    25
 Cast: Sting             |    64 |    65 ||   129
       Apportation       |     2 |       ||     2
  Use: Scroll            |       |     1 ||     1
 Stab: Sleeping          |     1 |       ||     1
Armor: Robe              |    19 |    26 ||    45
Dodge: Dodged            |    53 |    71 ||   124

Table legend:
 A = Non-vault XP
 B = Vault XP
 C = Vault XP percentage of total XP
 D = Non-vault monster count
 E = Vault monster count
 F = Vault count percentage of total count
                 A         B        C        D         E       F
            +---------+---------+-------+---------+---------+-------
      Total |     423 |      44 |   9.4 |      88 |       5 |   5.4
            +---------+---------+-------+---------+---------+-------
        D:1 |      36 |       3 |   7.7 |      26 |       2 |   7.1
        D:2 |      55 |       4 |   6.8 |      22 |       2 |   8.3
        D:3 |     281 |      37 |  11.6 |      39 |       1 |   2.5
        D:4 |      51 |       0 |   0.0 |       1 |       0 |   0.0
            +---------+---------+-------+---------+---------+-------
